 Dungeon Crawl Stone Soup version 0.30-a0-629-gd54f4be4f7 (webtiles) character file.

Game seed: 1754370766467954435

14 Dirtsage the Insei (level 2, -5/18 HPs)
             Began as an Octopode Transmuter on Jan 12, 2023.
             Slain by Terence
             ... wielding a +0 trident
              (7 damage)
             ... on level 2 of the Dungeon.
             The game lasted 00:01:23 (953 turns).

Dirtsage the Insei (Octopode Transmuter)             Turns: 953, Time: 00:01:24

Health: -5/18      AC:  1    Str:  9    XL:     2   Next: 45%
Magic:  5/5        EV: 13    Int: 15    God:
Gold:   56         SH:  0    Dex: 12    Spells: 4/5 levels left

rFire   . . .      SeeInvis .      - Unarmed
rCold   . . .      Faith    .    (no shield)
rNeg    . . .      Spirit   .    (helmet restricted)
rPois   .          Reflect  .    (no amulet)
rElec   .          Harm     .    (no ring)
rCorr   .          Rampage  .    (no ring)
Will    .....                    (no ring)
Stlth   ++                       (no ring)
HPRegen 0.23/turn                (no ring)
MPRegen 0.09/turn                (no ring)
                                 (no ring)
                                 (no ring)

@: no status effects
A: almost no armour, amphibious, 8 rings, camouflage 1, gelatinous body 1,
(nimble swimmer 1), tentacles
a: no special abilities


You were on level 2 of the Dungeon.
You visited 1 branch of the dungeon, and saw 2 of its levels.

You collected 56 gold pieces.

Inventory:

Scrolls
 d - a scroll of teleportation {unknown}
 e - a scroll of fear {unknown}
 f - a scroll of silence {unknown}
 g - a scroll of immolation {unknown}
Potions
 a - 2 potions of lignification
 b - 2 potions of brilliance {unknown}
 h - 2 potions of magic {unknown}
 i - a potion of invisibility {unknown}
 q - 3 potions of curing


   Skills:
 - Level 1.0 Fighting
 - Level 2.0 Dodging
 - Level 3.0 Unarmed Combat
 - Level 2.0 Spellcasting
 * Level 2.5 Transmutations
 * Level 1.3 Ice Magic


You had 4 spell levels left.
You knew the following spells:

 Your Spells              Type           Power      Damage    Failure   Level
a - Beastly Appendage     Tmut           18%        N/A       8%          1

Your spell library contained the following spells:

 Spells                   Type           Power      Damage    Failure   Level
 Wereblood                Tmut           9%         N/A       12%         2
 Freeze                   Ice            20%        1d4       13%         1
 Foxfire                  Conj/Fire      4%         2x1d4     22%         1
 Frozen Ramparts          Ice            10%        1d2       36%         3
 Spider Form              Tmut/Pois      5%         N/A       36%         3
 Hailstorm                Conj/Ice       3%         3d3       45%         3
 Ice Form                 Ice/Tmut       7%         N/A       69%         4
 Fireball                 Conj/Fire      0%         3d3       99%         5
 Starburst                Conj/Fire      0%         6d3       100%        6


Dungeon Overview and Level Annotations

Branches:
Dungeon (2/15)

Altars:

Shops:
D:1 (

Annotations:
D:2 Terence


Innate Abilities, Weirdness & Mutations

You cannot wear most types of armour.
You are amphibious.
You can wear up to eight rings at the same time.
Your skin changes colour to match your surroundings (Stealth+).
Your rubbery body absorbs attacks. (AC +1, EV +1)
((You are camouflaged when in or above water. (Stealth+)))
You have tentacles for arms and can constrict up to eight enemies at once.


Message History

You constrict Terence, but do no damage.
Terence barely misses you.
You tentacle-slap Terence but do no damage.
You pierce Terence, but do no damage.
You constrict Terence. Terence hits you with a +0 trident.
You take 1 damage, and have 11/18 hp.
You tentacle-slap Terence but do no damage.
You squeeze Terence, but do no damage.
Terence is lightly wounded.
You constrict Terence, but do no damage.
Terence barely misses you.
You completely miss Terence.
You pierce Terence, but do no damage.
You squeeze Terence, but do no damage.
Terence is lightly wounded.
You constrict Terence.
You tentacle-slap Terence but do no damage.
You tentacle-slap Terence, but do no damage.
Terence is lightly wounded.
You constrict Terence, but do no damage.
Terence barely misses you.
You tentacle-slap Terence but do no damage.
You squeeze Terence, but do no damage.
Terence is lightly wounded.
You constrict Terence. Terence hits you with a +0 trident.
You take 3 damage, and have 8/18 hp.
You tentacle-slap Terence.
You pierce Terence.
Terence is heavily wounded.
You constrict Terence.
Terence drinks a potion.
Terence is healed!
q - 3 potions of curing You tentacle-slap Terence but do no damage.
Terence is lightly wounded.
Your tentacle spike disappears.
You constrict Terence. Terence hits you with a +0 trident.
* * * LOW HITPOINT WARNING * * *
You take 6 damage, and have 2/18 hp.
MASSIVE DAMAGE!!
MP restored: 5 You tentacle-slap Terence.
Terence is heavily wounded.
You constrict Terence. Terence hits you with a +0 trident!
You die...

.. ##.## J$..#### ###
#.....####....
###.#.#...?.....
###................ #
#..........####.... #
#...>.......@...#
######..........@#####
## ................##
.## ######..........#
..#. ..# #.......)..#
###.... #.#
#..........# #....
#.## #..........# #†.#
...####..####.#..#
##..# ##....##.#
#.##.# #..##
..###.##.# #.# .######
#..# ##


You could see Terence.

Vanquished Creatures
  A worm (D:2)
  A ball python (D:1)
  2 bats (D:2)
  An endoplasm (D:2)
  A goblin (D:1)
  A hobgoblin (D:1)
  A quokka (D:2)
  A frilled lizard (D:2)
  2 kobolds (D:1)
11 creatures vanquished.

Notes
Turn   | Place    | Note
-------+----------+-------------------------------------------
     0 | D:1      | Dirtsage the Octopode Transmuter began the quest for the
                  | Orb.
     0 | D:1      | Reached XP level 1. HP: 13/13 MP: 3/3
   124 | D:1      | Found Razxex's Weapon Boutique.
   247 | D:1      | Found a faded altar of an unknown god.
   833 | D:2      | Reached skill level 1 in Ice Magic
   833 | D:2      | Reached XP level 2. HP: 18/18 MP: 3/5
   936 | D:2      | Noticed Terence
   953 | D:2      | Slain by Terence

Illustrated notes

Levels and vault maps discovered:
D:1:      evilmike_arrival_come_back, layout_loops_ring,
          ebering_ecumenical_altar_box, serial_shops, nicolae_shop_statue_plus,
          hangedman_decor_clover_reticule
D:2:      layout_rooms, basic_altar, minmay_distorted, uniq_sigmund,
          uniq_terence, uniq_crazy_yiuf_cottage

Skill      XL: |  1 |
---------------+----+-----
Ice Magic      | 1 |  1.3
Fighting       | |  1.0
Dodging        | |  2.0
Unarmed Combat | |  3.0
Spellcasting   | |  2.0
Transmutations | |  2.5

Action                   || total
-------------------------++-------
Melee: Unarmed           ||    39
       Kick              ||     8
       Tentacles         ||    10
       Constrict         ||     8
       Punch             ||     1
 Cast: Beastly Appendage ||     8
 Stab: Sleeping          ||     1
Armor: Skin              ||     5
Dodge: Dodged            ||    22

Table legend: (Time is in decaauts)
 A = Elapsed time spent in this place.
 B = Non-inter-level travel time spent in this place.
 C = Inter-level travel time spent in this place.
 D = Time resting spent in this place.
 E = Time spent auto-exploring this place.
 F = Levels seen in this place.
 G = Mean time per level.
                   A        B        C        D        E       F      G
               +--------+--------+--------+--------+--------+-----+--------+
         Total |    951 |    926 |     25 |      0 |    806 |   2 |  475.5 |
       Dungeon |    951 |    926 |     25 |      0 |    806 |   2 |  475.5 |
               +--------+--------+--------+--------+--------+-----+--------+

Top non-repeatable levels by time:
     D:1: 776 daAuts
     D:2: 174 daAuts
